Map: Oxide LE

Players

HeroMarine

  • Race: Terran Terran

maru - Winner!

  • Race: Terran Terran

Event: ASUS ROG Fall 2021

VOD

Have the link to the VOD?

Description

Time

  • Played on: Sept. 19, 2021, 1:32 p.m.
  • Length: 8:53

All games in this series

Show
View Real Time Build Order
Export as new Build Order

HeroMarine Terran 

Build Orders:  

Get SALT Encoding   

  12  0:00  SCV  
  13  0:12  SCV  
  14  0:17  Supply Depot  
  14  0:24  SCV  
  15  0:39  SCV  
  15  0:40  Barracks  
  16  0:43  Refinery  
  16  0:51  SCV  
  16  0:52  Refinery  
  17  1:03  SCV  
  18  1:15  SCV  
  19  1:27  Reaper, Orbital Command  
  19  1:29  Supply Depot  
  20  1:40  Factory  
  20  1:52  SCV  
  21  1:59  Reaper  
  22  2:04  SCV  
  23  2:17  SCV  
  23  2:18  Command Center  
  24  2:24  Hellion  
  24  2:29  SCV  
  27  2:31  Barracks Reactor  
  27  2:38  Supply Depot  
  27  2:41  SCV  
  28  2:46  Widow Mine  
  28  2:50  Starport  
  30  2:53  SCV  
  31  3:06  SCV  
  31  3:07  Marine, Factory Tech Lab  
  31  3:08  Marine  
  34  3:14  Refinery  
  34  3:18  SCV  
  35  3:25  Marine  
  35  3:26  Cyclone  
  35  3:27  Starport Tech Lab  
  39  3:29  Marine  
  39  3:30  SCV  
  41  3:35  Orbital Command  
  41  3:42  Marine, SCV  
  41  3:47  Marine  
  41  3:48  Raven  
  44  3:54  SCV  
  47  3:59  Siege Tank  
  47  4:02  SCV  
  51  4:04  Supply Depot  
  51  4:08  Marine  
  52  4:12  SCV  
  52  4:14  SCV  
  52  4:24  SCV  
  52  4:26  SCV  
  53  4:35  Supply Depot  
  54  4:41  Raven  
  54  4:43  SCV  
  54  4:47  Command Center  
  54  4:50  SCV  
  54  4:51  Marine  
  54  4:56  Marine, Supply Depot  
  54  4:57  Siege Tank  
  54  4:59  SCV  
  59  5:03  SCV  
  57  5:13  SCV  
  59  5:15  SCV  
  59  5:19  Refinery  
  59  5:26  SCV  
  59  5:27  SCV, Barracks  
  59  5:28  Barracks  
  61  5:29  Siege Tank  
  61  5:34  Viking x2  
  68  5:38  Stimpack  
  68  5:40  SCV x2  
  70  5:46  Engineering Bay  
  70  5:47  Engineering Bay  
  70  5:54  Supply Depot  
  70  5:59  SCV x2  
  72  6:04  Viking x2  
  72  6:10  Siege Tank  
  79  6:11  Marine, SCV x2  
  82  6:23  SCV x2  
  82  6:24  Orbital Command  
  84  6:25  Terran Infantry Armor Level 1, Terran Infantry Weapons Level 1  
  84  6:28  Barracks Reactor x2  
  84  6:29  Marine  
  85  6:35  SCV x2  
  85  6:36  Viking  
  85  6:39  Viking  
  91  6:47  SCV x2  
  91  6:52  Supply Depot  
  91  6:53  Marine  
  94  6:54  Supply Depot  
  94  6:56  Sensor Tower  
  94  6:57  SCV  
  94  6:59  SCV x2  
  96  7:06  Viking  
  90  7:09  Viking, SCV  
  90  7:12  SCV x2  
  90  7:13  Siege Tank  
  90  7:14  Marine  
  93  7:15  Marine x2  
  93  7:18  Marine x2  
  93  7:21  SCV  
  92  7:24  SCV x2  
  93  7:32  Marine  
  93  7:33  Marine x2  
  93  7:34  SCV  
  93  7:36  Marine x2, SCV  
  97  7:42  Medivac x2  
  93  7:44  SCV  
  93  7:50  Marine  
  93  7:51  Marine x2, SCV  
  92  7:52  SCV  
  92  7:54  Marine x2  
  92  7:58  SCV  
  97  8:03  Refinery, SCV  
  98  8:05  Supply Depot  
  98  8:06  SCV  
  98  8:08  Marine  
  98  8:09  Marine x2  
  98  8:10  SCV  
  98  8:11  Marine x2  
  105  8:15  SCV  
  105  8:17  Supply Depot  
  105  8:18  SCV  
  107  8:22  SCV  
  107  8:26  Marine x2  
  107  8:27  Marine  
  109  8:28  SCV  
  109  8:29  Marine x2  
  115  8:39  SCV x2  
Show
View Real Time Build Order
Export as new Build Order

maru Terran - Winner!

Build Orders:  

Get SALT Encoding   

  12  0:00  SCV  
  13  0:12  SCV  
  14  0:16  Supply Depot  
  14  0:24  SCV  
  15  0:38  SCV  
  15  0:40  Barracks  
  15  0:42  Refinery  
  16  0:50  SCV  
  16  0:52  Refinery  
  17  1:02  SCV  
  18  1:14  SCV  
  19  1:26  Reaper  
  19  1:27  Orbital Command  
  19  1:29  Supply Depot  
  20  1:40  Factory  
  20  1:52  SCV  
  21  1:58  Reaper  
  22  2:04  SCV  
  23  2:16  SCV  
  23  2:18  Command Center  
  24  2:25  Hellion  
  24  2:29  SCV  
  27  2:35  Starport  
  27  2:38  Barracks Reactor  
  27  2:41  SCV  
  28  2:47  Supply Depot  
  28  2:50  Factory Tech Lab  
  28  2:53  SCV  
  29  3:05  SCV  
  30  3:09  Siege Tank  
  33  3:15  Marine x2, Medivac  
  33  3:19  SCV  
  38  3:31  Refinery  
  38  3:33  Marine x2, Orbital Command  
  40  3:36  SCV  
  41  3:43  Cyclone  
  41  3:48  SCV, Starport Tech Lab  
  44  3:53  Marine x2  
  47  3:56  Supply Depot  
  47  4:00  SCV  
  47  4:01  SCV  
  49  4:09  Raven  
  51  4:11  Marine  
  51  4:12  SCV  
  51  4:13  SCV  
  54  4:18  Marine  
  55  4:24  SCV  
  55  4:26  Siege Tank  
  55  4:27  SCV  
  56  4:36  SCV  
  53  4:40  SCV  
  53  4:41  Marine x2  
  53  4:44  Command Center  
  56  4:48  SCV  
  56  4:49  Supply Depot  
  56  4:52  Raven  
  59  4:53  SCV  
  60  5:00  Supply Depot, SCV  
  61  5:11  Siege Tank  
  61  5:12  Refinery  
  61  5:13  Marine x2  
  66  5:17  SCV  
  66  5:18  SCV  
  68  5:28  Supply Depot  
  68  5:29  SCV  
  68  5:30  SCV  
  70  5:42  SCV x2  
  72  5:43  Siege Tank  
  75  5:50  Marine, Viking x2, Barracks  
  75  5:51  Barracks, Stimpack  
  75  5:55  SCV x2  
  82  5:58  Orbital Command  
  82  6:05  Engineering Bay x2  
  83  6:11  SCV x2  
  83  6:16  Orbital Command  
  83  6:17  Siege Tank  
  86  6:22  Viking x2  
  86  6:23  SCV  
  91  6:28  SCV  
  92  6:35  SCV  
  93  6:40  SCV  
  93  6:42  Terran Infantry Armor Level 1, Terran Infantry Weapons Level 1  
  93  6:43  Barracks Reactor x2  
  94  6:47  SCV x2  
  94  6:49  Marine  
  94  6:52  SCV  
  94  6:53  Siege Tank  
  101  6:54  Supply Depot  
  99  7:05  SCV  
  99  7:06  Marine  
  94  7:08  SCV x2  
  94  7:15  Medivac x2  
  100  7:17  SCV  
  100  7:20  SCV  
  102  7:24  Marine  
  102  7:25  Marine x3  
  102  7:29  Supply Depot, SCV x2  
  108  7:31  Marine  
  108  7:33  SCV, Combat Shield  
  107  7:37  Siege Tank  
  107  7:42  Marine  
  107  7:43  Marine x2  
  109  7:50  SCV  
  110  7:52  SCV x2  
  110  7:54  Marine, Supply Depot  
  110  7:55  Marine  
  116  8:00  Marine  
  116  8:02  Refinery x2  
  116  8:03  Marine x2, SCV  
  117  8:06  Barracks x2  
  117  8:12  Supply Depot x2, Armory  
  117  8:14  SCV  
  117  8:15  Viking  
  117  8:16  Viking  
  117  8:17  Marine x2  
  117  8:18  SCV  
  121  8:23  Marine x2  
  121  8:27  Marine  
  123  8:32  SCV  
  123  8:33  SCV  
  126  8:35  Marine x2, Supply Depot  
  126  8:36  Supply Depot  
Tags
 
Add a new tag
Caveats
  • Supply blocks, unpowered buildings, or Contaminate may cause inaccurate times.
  • Supply counts are checked every 10 seconds.